 Dungeon Crawl Stone Soup version 0.29-a0-275-g389c0b56f3 (webtiles) character file.

Game seed: 7557183008412301315

494 Gildeon the Cudgeller (level 7, 0/41 HPs)
             Began as a Gargoyle Fighter on Mar 10, 2022.
             Was a Believer of Cheibriados.
             Slain by an orc
             ... wielding a +0 flail
              (2 damage)
             ... on level 6 of the Dungeon.
             The game lasted 00:07:33 (3960 turns).

Gildeon the Cudgeller (Gargoyle Fighter)            Turns: 3960, Time: 00:07:33

Health: 0/41       AC: 17    Str: 26    XL:     7   Next: 15%
Magic:  7/7        EV:  6    Int: 14    God:    Cheibriados [**....]
Gold:   201        SH:  5    Dex: 14    Spells: 5/6 levels left

rFire   . . .      SeeInvis .   a - +0 flail
rCold   . . .      Faith    .   c - +0 buckler
rNeg    + . .      Spirit   .   r - +0 plate armour
rPois   ∞          Reflect  .   (no helmet)
rElec   +          Harm     .   (no cloak)
rCorr   .          Rampage  .   l - +0 pair of gloves
Will    .....                   (no boots)
Stlth   ..........              (no amulet)
HPRegen 0.13/turn               o - ring of wizardry
MPRegen 0.10/turn               (no ring)

@: very slow
A: sickness immunity, AC +4, negative energy resistance 1, electricity
resistance, torment resistance 1, petrification resistance
a: Renounce Religion, Bend Time


You were on level 6 of the Dungeon.
You worshipped Cheibriados.
Cheibriados was pleased with you.
You visited 1 branch of the dungeon, and saw 6 of its levels.

You collected 201 gold pieces.

Inventory:

Hand Weapons
 a - a +0 flail (weapon)
Armour
 c - a +0 buckler (worn)
 l - a +0 pair of gloves (worn)
 r - a +0 plate armour (worn)
Jewellery
 o - a ring of wizardry (left hand)
Wands
 b - a wand of iceblast (17)
Scrolls
 f - a scroll of vulnerability {unknown}
 h - a scroll of noise {unknown}
 j - 2 scrolls of teleportation
 k - a scroll of fear {unknown}
 m - a scroll of silence {unknown}
 n - a scroll of amnesia {unknown}
Potions
 d - a potion of might
 e - 4 potions of berserk rage
 g - 4 potions of curing
 i - a potion of haste {unknown}
 q - 2 potions of magic {unknown}


   Skills:
 - Level 3.2 Fighting
 + Level 7.6 Maces & Flails
 - Level 3.2 Armour
 - Level 3.2 Shields


You had 5 spell levels left.
You knew the following spells:

 Your Spells              Type           Power      Damage    Failure   Level
a - Foxfire               Conj/Fire      0%         2x1d4     89%         1

Your spell library contained the following spells:

 Spells                   Type           Power      Damage    Failure   Level
 Corpse Rot               Necr/Air       0%         N/A       96%         2
 Poisonous Vapours        Pois/Air       0%         N/A       96%         2
 Conjure Flame            Conj/Fire      0%         6-21      99%         3
 Inner Flame              Hex/Fire       0%         N/A       99%         3
 Flame Wave               Conj/Fire      0%         2d4       100%        4


Dungeon Overview and Level Annotations

Branches:
Dungeon (5/15)             Temple (0/1) D:6

Altars:
Cheibriados
Fedhas
Hepliaklqana
Sif Muna


Innate Abilities, Weirdness & Mutations

You are immune to sickness and miasma.
Your stone body is resilient. (AC +4)
You are immune to poison.
You resist negative energy. (rN+)
You are resistant to electric shocks. (rElec)
You are resistant to unholy torment.
You are immune to petrification.


Message History

Reactivating autopickup.
The orc completely misses you. You block the orc's attack.
The orc hits you but does no damage.
The orc wizard hits you but does no damage.
You barely miss the orc wizard. You block the orc's attack. x2
The orc hits you but does no damage.
The orc wizard hits you but does no damage.
You barely miss the orc wizard. The orc hits you but does no damage.
The orc barely misses you. x2
The orc wizard hits you but does no damage.
You thump the orc wizard!
The orc wizard is severely wounded.
You block the orc's attack. The orc hits you but does no damage.
The orc hits you with a +0 flail.
* * * LOW HITPOINT WARNING * * *
The orc wizard hits you with a +0 dagger.
* * * LOW HITPOINT WARNING * * *
You sock the orc wizard!
You kill the orc wizard!
Cheibriados appreciates the change of pace.
You block the orc's attack. The orc barely misses you.
The orc hits you but does no damage.
You sock the orc!
You kill the orc!
Cheibriados appreciates the change of pace.
The orc hits you with a +3 hand axe.
* * * LOW HITPOINT WARNING * * *
The orc hits you but does no damage.
You sock the orc!
You kill the orc!
Cheibriados appreciates the change of pace.
The orc hits you but does no damage.
Unknown command.
You hit the orc.
The orc is heavily wounded.
You block the orc's attack.
You hit the orc but do no damage.
The orc is moderately wounded.
The orc hits you with a +0 flail.
You die...

#..................#
######........ .......<.#
#......##+##.. ........#
#......'...#######......# #
#......#....#....#......# .#
#......#....'....'......###'##
#......#...##....#............
........#...##...)8............
........#...#...@)>....).......
........#...+...)o8######......
........#...##....## ......
#+######+## ...... ..... ..###


You could see an orc.

Vanquished Creatures
  A water moccasin (D:5)
  A phantom (D:6)
  A scorpion (D:4)
  A howler monkey (D:4)
  A hound (D:6)
  An orc wizard (D:6)
  An iguana (D:6)
  4 adders
  A shadow imp (D:5)
  A white imp (D:3)
  An ufetubus (D:4)
  A dart slug (D:1)
  10 orcs
  7 ball pythons
  5 endoplasms
  2 giant cockroaches
  7 hobgoblins
  6 jackals
  6 quokkas
  3 bats
  2 frilled lizards
  5 goblins
  5 kobolds
  10 rats
83 creatures vanquished.

Notes
Turn   | Place    | Note
-------+----------+-------------------------------------------
     0 | D:1      | Gildeon the Gargoyle Fighter began the quest for the Orb.
     0 | D:1      | Reached XP level 1. HP: 14/14 MP: 1/1
     6 | D:1      | Noticed a salamander
     6 | D:1      | Noticed a rime drake
     7 | D:1      | Noticed a killer bee
     7 | D:1      | Noticed a hound
   160 | D:1      | Reached XP level 2. HP: 19/19 MP: 2/2
   247 | D:1      | Reached skill level 3 in Maces & Flails
   573 | D:1      | Reached XP level 3. HP: 23/23 MP: 3/3
   627 | D:1      | Found a faded altar of an unknown god.
  1135 | D:2      | Found a snail-covered altar of Cheibriados.
  1145 | D:2      | Became a worshipper of Cheibriados the Contemplative
  1524 | D:3      | Reached skill level 4 in Maces & Flails
  1663 | D:3      | Reached XP level 4. HP: 23/28 MP: 4/4
  1926 | D:3      | Reached * piety under Cheibriados
  2640 | D:4      | Reached skill level 5 in Maces & Flails
  2640 | D:4      | Reached XP level 5. HP: 28/32 MP: 5/5
  2826 | D:4      | Found a hazy altar of Hepliaklqana.
  2826 | D:4      | Found a shimmering blue altar of Sif Muna.
  2826 | D:4      | Found a blossoming altar of Fedhas.
  3365 | D:4      | Reached ** piety under Cheibriados
  3497 | D:4      | Reached skill level 6 in Maces & Flails
  3610 | D:4      | Learned a level 1 spell: Foxfire
  3756 | D:5      | Entered Level 5 of the Dungeon
  3791 | D:5      | Noticed a water moccasin
  3808 | D:5      | Killed a water moccasin
  3809 | D:5      | Reached XP level 6. HP: 31/37 MP: 6/6
  3877 | D:5      | You fall into a shaft and drop 1 floor!
  3902 | D:6      | Found a staircase to the Ecumenical Temple.
  3923 | D:6      | Reached skill level 7 in Maces & Flails
  3952 | D:6      | Reached XP level 7. HP: 8/41 MP: 7/7
  3957 | D:6      | HP: 1/41 [orc/+3 hand axe (5)]
  3960 | D:6      | Slain by an orc

Illustrated notes

Levels and vault maps discovered:
D:1:      onia_arrival_zoo_common, layout_basic,
          hellmonk_ecumenical_altar_inner_sanctum
D:2:      layout_basic, basic_altar
D:3:      minmay_wonky_spiral, layout_rooms
D:4:      nicolae_cairo_tiling_large, layout_loops_cross,
          gammafunk_temple_overflow_forgotten
D:5:      layout_layer_cave, kennysheep_cross_bottleneck
D:6:      layout_gridville, temple_statues, kennysheep_small_spiral

Skill      XL: |  1  2  3  4  5  6 |
---------------+-------------------+-----
Maces & Flails | 3 4 5 6 7 |  7.6
Fighting       | |  3.2
Armour         | |  3.2
Shields        | |  3.2

Action                   |  1- 3 |  4- 6 |  7- 9 || total
-------------------------+-------+-------+-------++-------
Melee: Flail             |    95 |   180 |     9 ||   284
  Use: Scroll            |       |     4 |       ||     4
Armor: Scale mail        |    43 |    55 |       ||    98
       Plate armour      |       |    59 |    10 ||    69
Dodge: Dodged            |    52 |    87 |     4 ||   143
Block: Buckler           |    20 |    45 |     6 ||    71

Table legend: (Time is in decaauts)
 A = Elapsed time spent in this place.
 B = Non-inter-level travel time spent in this place.
 C = Inter-level travel time spent in this place.
 D = Time resting spent in this place.
 E = Time spent auto-exploring this place.
 F = Levels seen in this place.
 G = Mean time per level.
                   A        B        C        D        E       F      G
               +--------+--------+--------+--------+--------+-----+--------+
         Total |   4583 |   4443 |    140 |      0 |   3703 |   6 |  763.8 |
       Dungeon |   4583 |   4443 |    140 |      0 |   3703 |   6 |  763.8 |
               +--------+--------+--------+--------+--------+-----+--------+

Top non-repeatable levels by time:
     D:4: 1424 daAuts
     D:3: 1284 daAuts
     D:2: 860 daAuts
     D:1: 761 daAuts
     D:5: 145 daAuts
     D:6: 106 daAuts
